 Dungeon Crawl Stone Soup version 0.25.1-9-gc5326a611f (webtiles) character file.

Game seed: 14876167219358737745

882 Descartes the Ducker (level 7, -8/34 HPs)
             Began as a Felid Monk on Jan 2, 2021.
             Shot with an arrow by a centaur (13 damage)
             ... on level 7 of the Dungeon.
             The game lasted 00:13:48 (9583 turns).

Descartes the Ducker (Felid Monk)                   Turns: 9583, Time: 00:13:49

Health: -8/34      AC:  2    Str:  9    XL:     7   Next: 76%
Magic:  11/11      EV: 27    Int: 12    God:
Gold:   299        SH:  0    Dex: 18    Spells: 6/6 levels left
                                        Lives:  0   Deaths: 2

rFire    . . .     SeeInvis +     - Unarmed
rCold    . . .     Gourm    .   (shield unavailable)
rNeg     . . .     Faith    .   (armour unavailable)
rPois    .         Spirit   .   (helmet unavailable)
rElec    .         Reflect  .   (cloak unavailable)
rCorr    .         Harm     .   (gloves unavailable)
MR       +....                  (boots unavailable)
Stlth    +++++.....             h - amulet of magic regeneration
HPRegen  0.11/turn              G - ring of stealth
MPRegen  0.37/turn              E - +4 ring of evasion (curse)

@: quick
A: very small, no armour, no weapons or thrown items, stealth, antennae 1, claws
1, fangs 3, see invisible, carnivore, speed 1, shaggy fur 2, slow metabolism 1,
subdued magic 1, sharp paws
a: no special abilities


You were on level 7 of the Dungeon.
You were full.

You visited 1 branch of the dungeon, and saw 7 of its levels.

You collected 299 gold pieces.

Inventory:

Missiles
 e - 320 stones
 k - 49 arrows
Jewellery
 d - an uncursed ring of ice
 h - an amulet of magic regeneration (around neck)
 y - an uncursed amulet of the acrobat
 z - an uncursed ring of magical power
 D - an uncursed ring of resist corrosion
 E - a cursed +4 ring of evasion (right paw)
 G - a ring of stealth (left paw)
Wands
 q - a wand of random effects (25)
 s - a wand of polymorph (7)
 v - a wand of clouds (4)
 w - a wand of paralysis (11)
 B - a wand of disintegration (18)
Scrolls
 b - a scroll of magic mapping {unknown}
 f - 2 scrolls of amnesia {unknown}
 g - 3 scrolls of enchant weapon {unknown}
 j - 2 scrolls of remove curse
 r - a scroll of blinking {unknown}
 t - a scroll of fear {unknown}
 u - a scroll of random uselessness {unknown}
 x - 3 scrolls of teleportation {unknown}
 F - a scroll of enchant armour {unknown}
Potions
 c - a potion of mutation
 i - a potion of degeneration
 l - 2 potions of haste
 m - 2 potions of curing {unknown}
 o - a potion of stabbing
 p - 3 potions of lignification
 A - a potion of heal wounds {unknown}
 C - a potion of brilliance {unknown}
 H - a potion of flight {unknown}
Comestibles
 a - 7 rations


   Skills:
 + Level 5.7 Fighting
 + Level 7.6 Dodging
 + Level 7.5 Stealth
 + Level 5.7 Unarmed Combat
 + Level 4.3 Evocations


You had 6 spell levels left.
You didn't know any spells.
Your spell library was empty.

Dungeon Overview and Level Annotations

Branches:
Dungeon (7/15)             Temple (0/1) D:7

Altars:
Ashenzari
Cheibriados
Gozag
Hepliaklqana
Makhleb
Trog
Uskayaw
Vehumet
Wu Jian
Xom
Yredelemnul


Innate Abilities, Weirdness & Mutations

You cannot wear armour.
You are incapable of wielding weapons or throwing items.
Your paws allow you to move quietly. (Stealth)
You have sharp claws.
You have razor-sharp teeth.
You have supernaturally acute eyesight. (SInv)
You are carnivorous and can eat meat at any time.
You cover ground quickly.
You are covered in thick fur. (AC +2)
You have a slow metabolism.
Your sharp claws are effective at attacking unaware monsters.
You have a pair of small antennae on your head.
Your spells are a little easier to cast, but a little less powerful.


Message History

You are too injured to fight recklessly!
You are too injured to fight recklessly!
You are too injured to fight recklessly!
You are too injured to fight recklessly!
You are too injured to fight recklessly!
You are too injured to fight recklessly!
You are too injured to fight recklessly!
You are too injured to fight recklessly!
You are too injured to fight recklessly!
The crimson imp misses you.
The centaur shoots an arrow.
The arrow hits you.
Found a stone staircase leading down.
The centaur shoots an arrow.
The arrow completely misses you.
The orc shouts!
The centaur shoots an arrow.
The arrow hits you!
* * * LOW HITPOINT WARNING * * *
The crimson imp picks up a beetle and eats it.
The crimson imp blinks!
You see here an arrow.
The centaur shoots an arrow.
The arrow hits you!
You die...

../..#...........#
.....#...(.......#
.................#
......(..........#
.................#
.....#....)......##
......(.o.......$.#
.....#.....W......#
.....'....z.5ยง.(@.#
.....#.....c....5.#
.##.##............#
............#.......
.##.#...###.####.#.#
......+ ... .#.#
#.#... ###.. .. .
..#.. >. ....# #.#.


You could see a hungry ghost, a centaur, a wight and 2 crimson imps.

Vanquished Creatures
  Eustachio (D:6)
  An ice beast (D:5)
  An ogre (D:5)
  A phantom (D:6)
  A crocodile (D:7)
  2 bullfrogs
  2 scorpions
  A jelly (D:5)
  4 orc priests
  A bullfrog skeleton (D:4)
  2 iguanas
  5 orc wizards
  7 worker ants
  A hound skeleton (D:4)
  Robin (D:1)
  A howler monkey zombie (D:6)
  4 gnolls
  5 adders
  An ooze (D:4)
  An adder skeleton (D:6)
  5 worms
  5 leopard geckos
  18 orcs
  8 bats
  7 giant cockroaches
  2 gnoll zombies (D:5)
  16 goblins
  11 hobgoblins
  16 jackals
  13 kobolds
  3 quokkas
  2 ball pythons
  5 frilled lizards
  7 rats
161 creatures vanquished.

Vanquished Creatures (others)
  2 orcs (D:4)
  A butterfly (D:4)
3 creatures vanquished.

Grand Total: 164 creatures vanquished

Notes
Turn   | Place    | Note
-------+----------+-------------------------------------------
     0 | D:1      | Descartes the Felid Monk began the quest for the Orb.
     0 | D:1      | Reached XP level 1. HP: 10/10 MP: 2/2
   391 | D:1      | Reached XP level 2. HP: 14/14 MP: 3/3
   776 | D:1      | Reached XP level 3. HP: 17/17 MP: 4/4
  2089 | D:2      | Found a radiant altar of Vehumet.
  2582 | D:2      | Reached XP level 4. HP: 21/21 MP: 5/5
  2873 | D:3      | Reached skill level 5 in Dodging
  3354 | D:3      | Noticed Robin
  3881 | D:1      | Found a burning altar of Makhleb.
  3959 | D:1      | Killed Robin
  3959 | D:1      | Reached XP level 5. HP: 11/25 MP: 6/6
  4648 | D:3      | Found a shimmering altar of Xom.
  4665 | D:3      | Found a burning altar of Makhleb.
  4961 | D:4      | Killed from afar by an orc wizard
  4962 | D:4      | Reached XP level 4. HP: -9/22 MP: 5/5
  4994 | D:4      | Reached skill level 1 in Evocations
  4994 | D:4      | Reached XP level 5. HP: 15/25 MP: 6/6
  5132 | D:3      | Reached skill level 5 in Stealth
  5845 | D:4      | Found an opulent altar of Gozag.
  5888 | D:4      | Found a hazy altar of Hepliaklqana.
  5897 | D:4      | Gained mutation: You are covered in thick fur. (AC +2)
                  | [Felid growth]
  5897 | D:4      | Reached XP level 6. HP: 29/29 MP: 8/8
  6646 | D:4      | Found a bloodstained altar of Trog.
  6816 | D:5      | Entered Level 5 of the Dungeon
  6883 | D:5      | Found a shattered altar of Ashenzari.
  6907 | D:5      | Found an ornate altar of the Wu Jian Council.
  7437 | D:5      | Reached XP level 7. HP: 33/33 MP: 9/9
  7769 | D:5      | Reached skill level 5 in Unarmed Combat
  7774 | D:5      | Reached skill level 5 in Fighting
  8173 | D:5      | Found a basalt altar of Yredelemnul.
  8285 | D:6      | Noticed Eustachio
  8638 | D:6      | Reached XP level 8. HP: 22/37 MP: 11/11
  8847 | D:6      | Found a hide-covered altar of Uskayaw.
  8868 | D:6      | Slain by a river rat
  8869 | D:6      | Reached XP level 7. HP: 0/33 MP: 10/10
  8973 | D:6      | Killed Eustachio
  9054 | D:6      | Found a snail-covered altar of Cheibriados.
  9120 | D:6      | Gained mutation: You possess an exceptional clarity of
                  | mind. [potion of mutation]
  9120 | D:6      | Lost mutation: You possess an exceptional clarity of mind.
                  | [potion of mutation]
  9120 | D:6      | Gained mutation: Your spells are a little easier to cast,
                  | but a little less powerful. [potion of mutation]
  9120 | D:6      | Gained mutation: You have a pair of small antennae on your
                  | head. [potion of mutation]
  9279 | D:7      | Found a staircase to the Ecumenical Temple.
  9327 | D:7      | Noticed a hungry ghost
  9583 | D:7      | Shot with an arrow by a centaur

Illustrated notes

Levels and vault maps discovered:
D:1:      dpeg_arrival_lava_altar, layout_loops_ring, corner_web_ring
D:2:      layout_basic, overflow_temple_1_default, kennysheep_generic_room_8
D:3:      layout_basic, xom_butterflies, lemuel_doored_altar, uniq_robin
D:4:      layout_loops_ring, nicolae_gozag_cash_rules_everything_around_me,
          overflow_temple_1_default, trog_hazing_becter
D:5:      layout_loops_ring, lemuel_zombie_altar_yredelemnul,
          ashenzari_conservatory_becter, kennysheep_mini_moat, first_ration
D:6:      layout_rooms, slow_altar_2, basic_altar, hangedman_decor_lopped,
          st_stairs_4, uniq_eustachio
D:7:      layout_basic, minmay_temple_entry_mist, serial_shops, kennysheep_mini,
          gammafunk_ghost_stat_death, uniq_maggie

Skill      XL: |  1  2  3  4  5  6  7  8 |
---------------+-------------------------+-----
Stealth        | 3 4 5 6 7 |  7.5
Dodging        | 5 6 7 |  7.6
Fighting       | 4 5 |  5.7
Unarmed Combat | 4 5 |  5.7
Evocations     | 1 2 4 |  4.3

Action                   |  1- 3 |  4- 6 |  7- 9 || total
-------------------------+-------+-------+-------++-------
Melee: Unarmed           |   136 |   241 |   194 ||   571
       Bite              |     8 |    22 |    21 ||    51
       Punch             |     2 |     3 |     3 ||     8
  Use: Scroll            |       |     1 |     5 ||     6
       Potion            |       |       |     1 ||     1
 Stab: Sleeping          |    16 |    13 |     7 ||    36
       Distracted        |       |       |     1 ||     1
  Eat: Chunk             |    10 |    15 |     6 ||    31
Armor: Skin              |     6 |    10 |     5 ||    21
Dodge: Dodged            |   111 |   267 |   176 ||   554
